 Dungeon Crawl Stone Soup version 0.20.1-1-g8b1a95d (webtiles) character file.

76 Ejeck the Covered (level 4, -5/40 HPs)
             Began as a Hill Orc Fighter on July 27, 2017.
             Killed from afar by hasy's ghost (10 damage)
             ... with a puff of frost
             ... on level 3 of the Dungeon.
             The game lasted 00:05:20 (1730 turns).

Ejeck the Covered (Hill Orc Fighter)                Turns: 1730, Time: 00:05:20

Health: -5/40      AC: 11    Str: 18    XL:     4   Next: 32%
Magic:  4/4        EV:  3    Int:  8    God:
Gold:   222        SH:  9    Dex: 11    Spells: 3/3 levels left

rFire    . . .     SeeInvis .   a - +0 trident
rCold    . . .     Gourm    .   c - +0 shield
rNeg     . . .     Faith    .   k - +0 plate armour
rPois    .         Spirit   .   (no helmet)
rElec    .         Reflect  .   (no cloak)
rCorr    .         Harm     .   (no gloves)
MR       .....                  (no boots)
Stlth    ..........             (no amulet)
Regen    0.2/turn               (no ring)
MPRegen  0.1/turn               (no ring)

@: no status effects
A: no striking features
a: no special abilities


You were on level 3 of the Dungeon.
You were not hungry.

You visited 1 branch of the dungeon, and saw 3 of its levels.

You collected 222 gold pieces.

Inventory:

Hand Weapons
 a - a +0 trident (weapon)
Armour
 b - a +0 scale mail
 c - a +0 shield (worn)
 k - a +0 plate armour (worn)
 m - +0 swamp dragon scales
Scrolls
 e - 2 scrolls of identify
 n - a scroll of magic mapping {unknown}
 o - a scroll of blinking {unknown}
Potions
 d - a potion of might
 g - a potion of lignification {unknown}
 h - 2 potions of berserk rage {unknown}
 j - 2 potions of curing {unknown}
 l - 2 potions of flight {unknown}
 q - a potion of mutation {unknown}
 r - a potion of invisibility {unknown}
Comestibles
 f - 2 bread rations
 i - 4 royal jellies
 p - a meat ration


   Skills:
 + Level 3.8 Fighting
 + Level 3.4 Polearms
 + Level 3.9 Armour
 + Level 0.4 Dodging
 + Level 3.9 Shields


You had 3 spell levels left.
You didn't know any spells.

Dungeon Overview and Level Annotations

Branches:
Dungeon (3/15)

Altars:

Annotations:
D:3 hasy's ghost, amateur MfIE


Message History

The puff of frost hits you!
You miss hasy's ghost.
Hasy's ghost is severely damaged.
Hasy's ghost hits you but does no damage.
You closely miss hasy's ghost.
Hasy's ghost is severely damaged.
Hasy's ghost hits you but does no damage.
You hit hasy's ghost.
Hasy's ghost is almost destroyed.
Hasy's ghost hits you but does no damage.
You closely miss hasy's ghost.
Hasy's ghost is severely damaged.
Hasy's ghost points at you and mumbles some strange words.
The puff of frost hits you!
* * * LOW HITPOINT WARNING * * *
Your shield and plate armour prevent you from hitting hasy's ghost.
Hasy's ghost is severely damaged.
Hasy's ghost casts a spell at you. The puff of frost hits you!
You die...

### #....#....#.. ...##
#.....#####
#..##+###.♣♣.## #
####........♣♣..#
>.........♣♣♣..♣♣## #
#......#♣♣P.♣.♣.♣ ♣
#.#.##......#.P.♣.♣P♣ ♣§
#......†)....♣.....♣P♣.♣
#......@.....♣.♣.♣.♣♣.♣
#.....W......♣♣..♣♣.♣♣§♣
#............#♣♣♣♣P.♣ ♣P
#.#'#########♣ ♣..♣P♣ #
#. ♣P♣♣P.♣ # ♣♣ .♣..
..♣♣ ♣. ♣♣


You could see hasy's ghost.

Vanquished Creatures
  2 adders (D:2)
  An ooze (D:2)
  2 worms (D:2)
  A dart slug (D:1)
  A leopard gecko (D:1)
  An orc (D:3)
  A ball python (D:1)
  A giant cockroach (D:3)
  3 goblins (D:1)
  5 hobgoblins
  4 jackals
  2 quokkas
  5 bats
  A frilled lizard (D:1)
  7 kobolds
  7 rats
44 creatures vanquished.

Notes
Turn   | Place    | Note
-------+----------+-------------------------------------------
     0 | D:1      | Ejeck the Hill Orc Fighter began the quest for the Orb.
     0 | D:1      | Reached XP level 1. HP: 19/19 MP: 1/1
   180 | D:1      | Reached XP level 2. HP: 5/27 MP: 2/2
   708 | D:1      | Reached XP level 3. HP: 32/33 MP: 3/3
  1226 | D:2      | Reached XP level 4. HP: 34/40 MP: 4/4
  1710 | D:3      | Noticed hasy's ghost (amateur MfIE)
  1730 | D:3      | Killed from afar by hasy's ghost

Skill      XL: |  1  2  3 |
---------------+----------+-----
Polearms       | 3 |  3.4
Fighting       | |  3.8
Armour         | |  3.9
Dodging        | |  0.4
Shields        | |  3.9

Action                   |  1- 3 |  4- 6 || total
-------------------------+-------+-------++-------
Melee: Trident           |   127 |    67 ||   194
  Use: Scroll            |     2 |       ||     2
  Eat: Bread ration      |     1 |       ||     1
Armor: Scale mail        |    33 |       ||    33
       Plate armour      |    26 |    29 ||    55
       Swamp dragon scal |     8 |       ||     8
Dodge: Dodged            |    35 |     5 ||    40
Block: Shield            |    76 |    21 ||    97
